 Dungeon Crawl Stone Soup version 0.31-a0-188-g5e087ee2ca (webtiles) character file.

Game seed: 10760005063009129505

443 qw the Skirmisher (level 6, 0/36 HPs)
             Began as a Deep Elf Hunter on June 22, 2023.
             Succumbed to a scorpion's poison
             ... on level 4 of the Dungeon.
             The game lasted 00:01:19 (3384 turns).

qw the Skirmisher (Deep Elf Hunter)                 Turns: 3384, Time: 00:01:20

Health: 0/36       AC:  4    Str: 10    XL:     6   Next: 71%
Magic:  8/8        EV: 13    Int: 16    God:
Gold:   303        SH:  0    Dex: 18    Spells: 5/5 levels left

rFire   + . .        Y - +1 shortbow
rCold   . . .        (shield currently unavailable)
rNeg    . . .        b - +2 robe of Vexation {rF+ Int+2}
rPois   .            (no helmet)
rElec   .            (no cloak)
rCorr   .            (no gloves)
SInv    .            (no boots)
Will    .....        (no amulet)
Stlth   ++           (no ring)
HPRegen 0.26/turn    (no ring)
MPRegen 0.11/turn

%: no passive effects
@: lethally poisoned (0 -> -10)
A: no striking features
a: no special abilities


You were on level 4 of the Dungeon.
You visited 1 branch of the dungeon, and saw 4 of its levels.

You collected 303 gold pieces.


   Skills:
 - Level 2.5 Fighting
 + Level 9.9 Ranged Weapons
 - Level 3.1 Dodging
 - Level 1.2 Stealth


You had 5 spell levels left.
You didn't know any spells.
Your spell library was empty.

Inventory:

Hand Weapons
 Y - a +1 shortbow (weapon)
Armour
 b - the +2 robe of Vexation (worn) {rF+ Int+2}
   (You found it on level 4 of the Dungeon)

   Int:       It affects your intelligence (+2).
   rF:        It protects you from fire.
 c - a +0 scale mail
 d - a +0 ring mail
Scrolls
 e - a scroll of fog {unknown}
 g - a scroll of enchant armour
 j - a scroll of identify
Potions
 a - 2 potions of might
 f - 3 potions of enlightenment

Dungeon Overview and Level Annotations

Branches:
Dungeon (4/15)
 Temple: D:4-7

Altars:


Message History

The scorpion is heavily wounded.
The gnoll hits you with a +0 club.
You shoot an arrow. The arrow closely misses the gnoll.
The arrow closely misses the scorpion.
The gnoll hits you with a +0 club.
You shoot an arrow. The arrow barely misses the gnoll.
The arrow barely misses the scorpion.
The gnoll misses you.
You shoot an arrow. The arrow hits the gnoll.
The gnoll is severely wounded.
The gnoll barely misses you.
You shoot an arrow. The arrow barely misses the gnoll.
The arrow hits the scorpion but does no damage.
The scorpion is heavily wounded.
The gnoll barely misses you.
You shoot an arrow. The arrow hits the gnoll.
The gnoll is severely wounded.
The gnoll barely misses you.
You shoot an arrow. The arrow hits the gnoll.
You kill the gnoll!
You shoot an arrow.
The arrow hits the scorpion but does no damage.
The scorpion is heavily wounded.
The scorpion misses you.
You shoot an arrow. The arrow hits the scorpion.
The scorpion is heavily wounded.
The scorpion stings you but does no damage.
You shoot an arrow. The arrow hits the scorpion.
The scorpion is almost dead.
The scorpion closely misses you.
You shoot an arrow.
The arrow hits the scorpion but does no damage.
The scorpion is almost dead.
The scorpion stings you.
You are lethally poisoned!
The scorpion poisons you!
You shoot an arrow.
The arrow hits the scorpion but does no damage.
The scorpion is almost dead.
You die...

###### #..... #.....
###################.....
.....)s@................
###################..)..
######### #.....
#.......### #..... ##
#######...## #.....
##### ###..##### #.....
...# ##.....# #.....
#### #####.############
#.......#


You could see a scorpion.

Vanquished Creatures
  An ogre (D:4)
  A gnoll sergeant (D:4)
  A hound (D:4)
  A jelly (D:4)
  An iguana (D:4)
  2 orc wizards
  4 gnolls (D:4)
  3 adders
  A worm (D:2)
  5 dart slugs
  An orc (D:4)
  7 endoplasms
  3 giant cockroaches
  9 goblins
  9 hobgoblins
  9 jackals
  2 quokkas (D:3)
  4 ball pythons
  3 bats
  4 frilled lizards
  7 kobolds
  5 rats
83 creatures vanquished.

Notes
Turn   | Place    | Note
-------+----------+-------------------------------------------
     0 | D:1      | qw the Deep Elf Hunter began the quest for the Orb.
     0 | D:1      | Reached XP level 1. HP: 12/12 MP: 3/3
     0 | D:1      | 0 ||| qw: Version: 0.3-a-9-g12657ce
     0 | D:1      | 0 ||| qw: Game counter: 2819
     0 | D:1      | 0 ||| qw: Always use a shield: true
     0 | D:1      | 0 ||| qw: God list: Okawaru
     0 | D:1      | 0 ||| qw: Allow faded altars: false
     0 | D:1      | 0 ||| qw: Do Orc after D:15 true
     0 | D:1      | 0 ||| qw: Do second Lair branch before Depths: true
     0 | D:1      | 0 ||| qw: Lair rune preference: random
     0 | D:1      | 0 ||| qw: Plans: Normal
     0 | D:1      | 0 ||| PLANNING D:1-11
   187 | D:1      | Found a faded altar of an unknown god.
   352 | D:1      | Reached XP level 2. HP: 16/16 MP: 4/4
   361 | D:1      | Reached skill level 6 in Ranged Weapons
   742 | D:1      | 742 ||| READING scroll labelled EGROCS IRGHEOTZ.
   743 | D:1      | 743 ||| READING scroll labelled USUOCI ZEWUBOU.
   744 | D:1      | 744 ||| DRINKING 2 viscous green potions.
   745 | D:1      | 745 ||| DROPPING scroll of butterflies.
   746 | D:1      | 746 ||| DROPPING potion of attraction.
   813 | D:2      | Reached XP level 3. HP: 20/20 MP: 5/5
   912 | D:2      | Reached skill level 7 in Ranged Weapons
  1182 | D:2      | Reached XP level 4. HP: 25/25 MP: 6/6
  1517 | D:2      | 1517 ||| READING scroll labelled WUHOEF XOACACK.
  1518 | D:2      | 1518 ||| READING scroll labelled VEUWAO XOASEBO.
  1519 | D:2      | 1519 ||| READING scroll labelled MOEMOGG OTUI.
  1520 | D:2      | 1520 ||| READING scroll labelled DIORAO HERUYTU.
  1521 | D:2      | 1521 ||| READING scroll labelled PAEJUCE POQIO.
  1622 | D:2      | 1622 ||| DRINKING 3 puce potions.
  1623 | D:2      | 1623 ||| DRINKING 3 bubbling dark potions.
  1624 | D:2      | 1624 ||| READING 2 scrolls of identify.
  1624 | D:2      | 1624 ||| IDENTIFYING metallic puce potion
  1669 | D:3      | 1669 ||| STAIRDANCE
  1723 | D:3      | 1723 ||| STAIRDANCE
  2163 | D:3      | Reached skill level 8 in Ranged Weapons
  2356 | D:3      | 2356 ||| READING scroll labelled JOTUHAIZAELA.
  2357 | D:3      | 2357 ||| DRINKING 2 metallic ruby potions.
  2409 | D:3      | 2409 ||| DROPPING potion of lignification.
  2523 | D:4      | Identified the +2 robe of Vexation {rF+ Int+2}
  2712 | D:4      | Reached XP level 5. HP: 23/29 MP: 7/7
  2717 | D:4      | 2717 ||| FLEEEEING.
  2718 | D:4      | 2718 ||| FLEEEEING.
  2719 | D:4      | 2719 ||| FLEEEEING.
  2720 | D:4      | 2720 ||| FLEEEEING.
  2721 | D:4      | 2721 ||| FLEEEEING.
  2722 | D:4      | 2722 ||| FLEEEEING.
  2723 | D:4      | 2723 ||| FLEEEEING.
  2724 | D:4      | 2724 ||| FLEEEEING.
  2725 | D:4      | 2725 ||| FLEEEEING.
  2726 | D:4      | 2726 ||| FLEEEEING.
  2727 | D:4      | 2727 ||| FLEEEEING.
  2728 | D:4      | 2728 ||| FLEEEEING.
  2729 | D:4      | 2729 ||| FLEEEEING.
  2730 | D:4      | 2730 ||| FLEEEEING.
  2731 | D:4      | 2731 ||| FLEEEEING.
  2732 | D:4      | 2732 ||| FLEEEEING.
  2733 | D:4      | 2733 ||| FLEEEEING.
  2734 | D:4      | 2734 ||| FLEEEEING.
  2739 | D:4      | 2739 ||| STAIRDANCE
  2772 | D:3      | 2772 ||| UPGRADING to +2 robe of Vexation {rF+ Int+2}.
  2782 | D:3      | 2782 ||| DROPPING +0 leather armour.
  2790 | D:4      | 2790 ||| STAIRDANCE
  2798 | D:3      | 2798 ||| DRINKING potion of curing.
  2798 | D:3      | 2798 ||| (to cure confusion)
  2812 | D:3      | Reached skill level 3 in Dodging
  3014 | D:4      | Reached skill level 9 in Ranged Weapons
  3055 | D:4      | 3055 ||| READING 2 scrolls of identify.
  3055 | D:4      | 3055 ||| IDENTIFYING emerald potion
  3056 | D:4      | 3056 ||| DROPPING potion of brilliance.
  3062 | D:4      | 3062 ||| STAIRDANCE
  3115 | D:4      | Noticed an ogre
  3123 | D:4      | Killed an ogre
  3124 | D:4      | Reached XP level 6. HP: 29/36 MP: 8/8
  3372 | D:4      | HP: 5/36 [gnoll/+0 club[a gnoll sergeant] (8)]
  3374 | D:4      | HP: 2/36 [gnoll/+0 club[a gnoll sergeant] (2)]
  3383 | D:4      | HP: 3/36 [scorpion (1)]
  3384 | D:4      | Succumbed to a scorpion's poison

Levels and vault maps discovered:
D:1:      dpeg_arrival_water_temple_mockup, layout_basic,
          chequers_ecumenical_altar_simple_redux
D:2:      layout_loops_cross, minmay_cut_off
D:3:      layout_basic
D:4:      layout_basic, nicolae_overflow_hidden_temple

Skill      XL: |  1  2  3  4  5 |
---------------+----------------+-----
Ranged Weapons | 6 7 8 9 |  9.9
Dodging        | 3 |  3.1
Fighting       | 2 |  2.5
Stealth        | |  1.2

Action                     |  1- 3 |  4- 6 || total
---------------------------+-------+-------++-------
   Fire: Shortbow          |   139 |   184 ||   323
    Use: Scroll            |     2 |     8 ||    10
         Potion            |     1 |     4 ||     5
 Armour: Leather armour    |    11 |     6 ||    17
         Robe              |       |    10 ||    10
  Dodge: Dodged            |    29 |    54 ||    83

Table legend:
 A = Non-vault XP
 B = Vault XP
 C = Vault XP percentage of total XP
 D = Non-vault monster count
 E = Vault monster count
 F = Vault count percentage of total count
                 A         B        C        D         E       F
            +---------+---------+-------+---------+---------+-------
      Total |     629 |       4 |   0.6 |      81 |       2 |   2.4
            +---------+---------+-------+---------+---------+-------
        D:1 |      38 |       0 |   0.0 |      24 |       0 |   0.0
        D:2 |      71 |       4 |   5.3 |      24 |       2 |   7.7
        D:3 |      76 |       0 |   0.0 |      14 |       0 |   0.0
        D:4 |     444 |       0 |   0.0 |      19 |       0 |   0.0
            +---------+---------+-------+---------+---------+-------
